 Dungeon Crawl Stone Soup version 0.28-a0-802-g09f76e8c00 (webtiles) character file.

Game seed: 8414610292573711357

5 iamoutofideas the Firebug (level 1, -1/13 HPs)
             Began as a Demonspawn Fire Elementalist on Nov 7, 2021.
             Slain by a jackal (3 damage)
             ... on level 1 of the Dungeon.
             The game lasted 00:00:23 (344 turns).

iamoutofideas the Firebug (DsFE)                     Turns: 344, Time: 00:00:23

Health: -1/13      AC:  2    Str:  8    XL:     1   Next: 66%
Magic:  1/3        EV: 12    Int: 16    God:
Gold:   0          SH:  0    Dex: 13    Spells: 3/4 levels left

rFire   . . .      SeeInvis .   (no weapon)
rCold   . . .      Faith    .   (no shield)
rNeg    . . .      Spirit   .   a - +0 robe
rPois   .          Reflect  .   (no helmet)
rElec   .          Harm     .   (no cloak)
rCorr   .          Rampage  .   (no gloves)
Will    .....                   (no boots)
Stlth   ++........              (no amulet)
HPRegen 0.04/turn               (no ring)
MPRegen 0.08/turn               (no ring)

@: no status effects
A: no striking features
a: no special abilities


You were on level 1 of the Dungeon.
You visited 1 branch of the dungeon, and saw 1 of its levels.

Inventory:

Armour
 a - a +0 robe (worn)


   Skills:
 + Level 1.7 Dodging
 - Level 1.7 Stealth
 * Level 2.1 Spellcasting
 + Level 1.0 Conjurations
 + Level 2.9 Fire Magic


You had 3 spell levels left.
You knew the following spells:

 Your Spells              Type           Power      Damage    Failure   Level
a - Foxfire               Conj/Fire      32%        2x1d5     9%          1

Your spell library contained the following spells:

 Spells                   Type           Power      Damage    Failure   Level
 Scorch                   Fire           22%        2d6       9%          2
 Conjure Flame            Conj/Fire      8%         6-21      26%         3
 Inner Flame              Hex/Fire       6%         N/A       32%         3
 Flame Wave               Conj/Fire      8%         3d4       65%         4


Dungeon Overview and Level Annotations

Branches:
Dungeon (1/15)

Altars:

Shops:
D:1 (


Message History

The giant cockroach bites you but does no damage.
A goblin comes into view. It is wielding a +0 dagger.
The giant cockroach bites you.
The endoplasm jiggles.
The goblin shouts!
There is a stone staircase leading down here.
The kobold closely misses you. The giant cockroach closely misses you.
Casting: Foxfire (safe; 10% risk of failure)
Confirm with . or Enter, or press ? or * to list all spells.
You conjure some foxfire!
The kobold misses you.
The giant cockroach bites you but does no damage.
The foxfire hits the giant cockroach.
You kill the giant cockroach!
The foxfire hits the giant cockroach.
The giant cockroach is heavily wounded.
The giant cockroach misses you. The kobold barely misses you.
The endoplasm freezes you.
You are frozen.
The endoplasm freezes you.
You are frozen.
* * * LOW HITPOINT WARNING * * *
The jackal bites you but does no damage.
The giant cockroach bites you but does no damage.
Casting: Foxfire (safe; 9% risk of failure)
Confirm with . or Enter, or press ? or * to list all spells.
You conjure some foxfire!
The jackal bites you but does no damage.
The giant cockroach barely misses you. The jackal closely misses you.
The endoplasm barely misses you. The giant cockroach closely misses you.
Your foxfire dissipates!
The foxfire hits the giant cockroach but does no damage.
The jackal barely misses you. The jackal barely misses you.
The giant cockroach bites you.
* * * LOW HITPOINT WARNING * * *
The jackal misses you.
A bat comes into view.
The jackal bites you.
You die...

#...)....#............#
##.......#......#######
#h......#......# ........#......#
..#......#......#
.)##......#.Kg...####### ..#
..##...#J...........#
#hB..........# #@...........#####
...# #.#...............
...#........#. #.#...############
...#........#.##.....# #...
...#...........#..##.# #.##
..........##.#.#.....#########.##
..........##.#.......##..........
..........#..........##.#########
.....#....#..........##..#.P.#P#.


You could see an endoplasm, a jackal, a giant cockroach, a goblin and a kobold.

Vanquished Creatures
  2 giant cockroaches (D:1)
  A ball python (D:1)
  A goblin (D:1)
  2 rats (D:1)
6 creatures vanquished.

Vanquished Creatures (collateral kills)
  A foxfire (D:1)
1 creature vanquished.

Vanquished Creatures (others)
  16 foxfires (D:1)
16 creatures vanquished.

Grand Total: 23 creatures vanquished

Notes
Turn   | Place    | Note
-------+----------+-------------------------------------------
     0 | D:1      | iamoutofideas the Demonspawn Fire Elementalist began the
                  | quest for the Orb.
     0 | D:1      | Reached XP level 1. HP: 13/13 MP: 3/3
    18 | D:1      | Found Muyssol's Antique Weapon Shoppe.
   195 | D:1      | Found a faded altar of an unknown god.
   344 | D:1      | Slain by a jackal

Illustrated notes

Levels and vault maps discovered:
D:1:      dpeg_arrival_rooms_a, layout_basic,
          shapermc_ecumenical_altar_mp_urbaneastern, serial_shops,
          nicolae_shop_stone, minmay_pentomino_w4

Action                   || total
-------------------------++-------
Melee: Unarmed           ||     4
 Cast: Foxfire           ||    10
Armor: Robe              ||     5
Dodge: Dodged            ||    17

Table legend: (Time is in decaauts)
 A = Elapsed time spent in this place.
 B = Non-inter-level travel time spent in this place.
 C = Inter-level travel time spent in this place.
 D = Time resting spent in this place.
 E = Time spent auto-exploring this place.
 F = Levels seen in this place.
 G = Mean time per level.
                   A        B        C        D        E       F      G
               +--------+--------+--------+--------+--------+-----+--------+
         Total |    344 |    344 |      0 |      0 |    270 |   1 |  344.0 |
       Dungeon |    344 |    344 |      0 |      0 |    270 |   1 |  344.0 |
               +--------+--------+--------+--------+--------+-----+--------+

Top non-repeatable levels by time:
     D:1: 344 daAuts
